cohdb
Replays
Latest Replays
All Replays
Popular Replays
Top Player Replays
Match Explorer
How It Works
Community
CoH3 Stats
Reddit
Sign in to upload your games and track your stats! →
Sign in with Steam
Match 29241028
Unlisted
Match 29241028
Overview
Messages
Build Orders
End
Panzergrenadier Squad
Panzergrenadier Squad
250 Light Carrier
Construct Light Support Kompanie
Combat Half-tracks
Fire Support Elements
Panzerjäger Squad
le.IG 18 Mechanized Group
Construct Panzerarmee Kommand
Veteran Squad Leaders
Selects Armored Support Battlegroup
Selects Salvage Kits
Selects Panzer Storm
Vehicle Survival Package
Panzer III L Medium Tank
le.IG 18 Mechanized Group
Panzer III L Medium Tank
Emergency Repair Kits
Panzer Storm
HulkSMASH
Ruby
我真的不是驴
JLODGE
0
0
Comments
sign in to comment!
No comments posted yet!